NWL
EVERETT AQUASOX @ EUGENE EMERALDS
09/20/2080
 
TOP OF THE 1ST
Everett AquaSox batting - Pitching for Eugene Emeralds : RHP Bryan Jessee
Pitching: RHP Bryan Jessee
Batting: RHB Dave Hodge 0-0: Swinging Strike
0-1: Ground out 6-3 (Groundball, 6, EV 88.8 MPH)
Batting: LHB Jeff Brock 0-0: Called Strike
0-1: Reached on error, E1 (Groundball, 15S, EV 64.4 MPH)
Batting: RHB Luis Romero 0-0: Called Strike
0-1: Ball
1-1: Swinging Strike
1-2: Strikes out swinging
Batting: LHB J.P. Stout 0-0: Ball
1-0: DOUBLE (Flyball, 89XD, EV 105.6 MPH)
Jeff Brock to third
Runner from 3rd tries for Home, SAFE, no throw by CF
Batting: RHB Roberto Perez 0-0: Ball
1-0: Ball
2-0: Ball
3-0: Called Strike
3-1: Called Strike
3-2: Strikes out swinging
Top of the 1st over - 1 run, 1 hit, 1 error, 1 left on base; Everett 1 - Eugene 0
BOTTOM OF THE 1ST
Eugene Emeralds batting - Pitching for Everett AquaSox : RHP Cameron Rodriguez
Pitching: RHP Cameron Rodriguez
Batting: RHB Devin Whittington 0-0: Foul Ball, location: 2F
0-1: Foul Ball, location: 2F
0-2: Foul Ball, location: 2F
0-2: Fly out, F6 (Popup, 6MS, EV 78.8 MPH)
Batting: RHB Bill Weisbrod 0-0: Ball
1-0: Ball
2-0: SINGLE (Line Drive, 7LS, EV 95.0 MPH)
Batting: RHB Julius Warlick 0-0: Ball
1-0: Ball
2-0: Ball
3-0: Base on Balls
Bill Weisbrod to second
Batting: SHB Adam Walton 0-0: Ball
1-0: Swinging Strike
1-1: Foul Ball, location: 2F
1-2: Fly out, F7 (Flyball, 78S, EV 93.1 MPH)
Pinch Hitting: LHB Dave Stephens 0-0: Called Strike
0-1: Ball
1-1: Foul Ball, location: 2F
1-2: Foul Ball, location: 2F
1-2: Ground out 4-3 (Groundball, 4D, EV 83.8 MPH)
Bottom of the 1st over - 0 runs, 1 hit, 0 errors, 2 left on base; Everett 1 - Eugene 0
TOP OF THE 2ND
Everett AquaSox batting - Pitching for Eugene Emeralds : RHP Bryan Jessee
Now at 3B: Billy Caniglia
Batting: RHB Mike Westfall 0-0: Ball
1-0: Swinging Strike
1-1: Foul Ball, location: 2F
1-2: Fly out, F8 (Line Drive, 8LM, EV 91.9 MPH)
Batting: RHB John Scipioni 0-0: Ball
1-0: Called Strike
1-1: Foul Ball, location: 2F
1-2: Ground out 5-3 (Groundball, 56S, EV 74.4 MPH)
Batting: SHB Benito Godinez 0-0: Foul Ball, location: 2F
0-1: Ball
1-1: Ground out 4-3 (Groundball, 4, EV 77.5 MPH)
Top of the 2nd over - 0 runs, 0 hits, 0 errors, 0 left on base; Everett 1 - Eugene 0
BOTTOM OF THE 2ND
Eugene Emeralds batting - Pitching for Everett AquaSox : RHP Cameron Rodriguez
Batting: RHB Ramiro Martinez 0-0: Ball
1-0: Foul Ball, location: 2F
1-1: Ball
2-1: Swinging Strike
2-2: Foul Ball, location: 2F
2-2: Ball
3-2: Strikes out swinging
Batting: RHB Julio Sierra 0-0: Fly out, F8 (Flyball, 8LD, EV 94.4 MPH)
Batting: RHB Marco Ramos 0-0: Called Strike
0-1: Ball
1-1: Foul Ball, location: 2F
1-2: Strikes out swinging
Bottom of the 2nd over - 0 runs, 0 hits, 0 errors, 0 left on base; Everett 1 - Eugene 0
TOP OF THE 3RD
Everett AquaSox batting - Pitching for Eugene Emeralds : RHP Bryan Jessee
Batting: RHB Jay Waugh 0-0: Called Strike
0-1: Ground out 6-3 (Groundball, 6, EV 85.0 MPH)
Batting: RHB Dave Hodge 0-0: Foul Ball, location: 2F
0-1: Ball
1-1: Swinging Strike
1-2: Strikes out looking
Batting: LHB Jeff Brock 0-0: Called Strike
0-1: Fly out, F9 (Flyball, 9D, EV 105.0 MPH)
Top of the 3rd over - 0 runs, 0 hits, 0 errors, 0 left on base; Everett 1 - Eugene 0
BOTTOM OF THE 3RD
Eugene Emeralds batting - Pitching for Everett AquaSox : RHP Cameron Rodriguez
Batting: RHB Victor Barrios 0-0: Ball
1-0: Called Strike
1-1: Swinging Strike
1-2: Strikes out swinging
Batting: RHB Devin Whittington 0-0: Foul Ball, location: 2F
0-1: Ball
1-1: Fly out, F8 (Flyball, 8RM, EV 89.4 MPH)
Batting: RHB Bill Weisbrod 0-0: Swinging Strike
0-1: Ball
1-1: Foul Ball, location: 2F
1-2: Ball
2-2: Fly out, F3 (Line Drive, 34, EV 72.5 MPH)
Bottom of the 3rd over - 0 runs, 0 hits, 0 errors, 0 left on base; Everett 1 - Eugene 0
TOP OF THE 4TH
Everett AquaSox batting - Pitching for Eugene Emeralds : RHP Bryan Jessee
Batting: RHB Luis Romero 0-0: SINGLE (Line Drive, 9LS, EV 103.8 MPH)
Batting: LHB J.P. Stout 0-0: Foul Ball, location: 2F
0-1: Ball
1-1: Ball
2-1: Swinging Strike
2-2: Foul Ball, location: 2F
2-2: Ball
3-2: Ground out 4-3 (Groundball, 4D, EV 106.9 MPH)
Luis Romero to second
Batting: RHB Roberto Perez 0-0: Called Strike
0-1: Ball
1-1: Called Strike
1-2: Ball
2-2: Ball
3-2: Base on Balls
Batting: RHB Mike Westfall 0-0: Ball
Wild Pitch!
Luis Romero to third
Roberto Perez to second
1-0: Called Strike
1-1: Ball
2-1: Ground out 5-3 (Groundball, 5, EV 108.1 MPH)
Batting: RHB John Scipioni 0-0: Ground out 6-3 (Groundball, 6D, EV 83.8 MPH)
Top of the 4th over - 0 runs, 1 hit, 0 errors, 2 left on base; Everett 1 - Eugene 0
BOTTOM OF THE 4TH
Eugene Emeralds batting - Pitching for Everett AquaSox : RHP Cameron Rodriguez
Batting: RHB Julius Warlick 0-0: Called Strike
0-1: Ground out 4-3 (Groundball, 4, EV 80.0 MPH)
Batting: SHB Adam Walton 0-0: Foul Ball, location: 2F
0-1: Ball
1-1: Ball
2-1: Ball
3-1: Fly out, F9 (Flyball, 9, EV 85.6 MPH)
Batting: RHB Billy Caniglia 0-0: Ground out 6-3 (Groundball, 6, EV 81.2 MPH)
Bottom of the 4th over - 0 runs, 0 hits, 0 errors, 0 left on base; Everett 1 - Eugene 0
TOP OF THE 5TH
Everett AquaSox batting - Pitching for Eugene Emeralds : RHP Bryan Jessee
Batting: SHB Benito Godinez 0-0: Foul Ball, location: 2F
0-1: Ground out 4-3 (Groundball, 4, EV 101.9 MPH)
Batting: RHB Jay Waugh 0-0: Swinging Strike
0-1: Ball
1-1: Ball
2-1: Ground out 3-1 (Groundball, 34, EV 81.2 MPH)
Batting: RHB Dave Hodge 0-0: Swinging Strike
0-1: Ground out 5-3 (Groundball, 56, EV 85.0 MPH)
Top of the 5th over - 0 runs, 0 hits, 0 errors, 0 left on base; Everett 1 - Eugene 0
BOTTOM OF THE 5TH
Eugene Emeralds batting - Pitching for Everett AquaSox : RHP Cameron Rodriguez
Batting: RHB Ramiro Martinez 0-0: Foul Ball, location: 2F
0-1: Ball
1-1: Ground out 5-3 (Groundball, 56, EV 101.9 MPH)
Batting: RHB Julio Sierra 0-0: SINGLE (Groundball, 6MD, EV 105.6 MPH)
Batting: RHB Marco Ramos 0-0: Ground out 5-3 (Groundball, 56, EV 81.9 MPH)
Julio Sierra to second
Batting: RHB Victor Barrios 0-0: Called Strike
0-1: Ground out 6-3 (Groundball, 6, EV 83.1 MPH)
Bottom of the 5th over - 0 runs, 1 hit, 0 errors, 1 left on base; Everett 1 - Eugene 0
TOP OF THE 6TH
Everett AquaSox batting - Pitching for Eugene Emeralds : RHP Bryan Jessee
Batting: LHB Jeff Brock 0-0: Called Strike
0-1: Called Strike
0-2: Ball
1-2: Ball
2-2: Ball
3-2: Foul Ball, location: 2F
3-2: Base on Balls
Batting: RHB Luis Romero 0-0: Ball
1-0: Ball
Jeff Brock is caught stealing 2nd base 2-4
2-0: Called Strike
2-1: SINGLE (Groundball, 4MD, EV 95.0 MPH)
Batting: LHB J.P. Stout 0-0: Called Strike
0-1: Called Strike
0-2: Ball
1-2: Strikes out looking
Luis Romero is caught stealing 2nd base 2-6
Batter strikes out.
Top of the 6th over - 0 runs, 1 hit, 0 errors, 0 left on base; Everett 1 - Eugene 0
BOTTOM OF THE 6TH
Eugene Emeralds batting - Pitching for Everett AquaSox : RHP Cameron Rodriguez
Batting: RHB Devin Whittington 0-0: Foul Ball, location: 2F
0-1: Swinging Strike
0-2: Ball
1-2: Ball
2-2: Ball
3-2: Foul Ball, location: 2F
3-2: Foul Ball, location: 2F
3-2: Strikes out swinging
Batting: RHB Bill Weisbrod 0-0: Ball
1-0: Ball
2-0: Foul Ball, location: 2F
2-1: Fly out, F7 (Flyball, 78S, EV 81.9 MPH)
Batting: RHB Julius Warlick 0-0: Ground out 6-3 (Groundball, 56, EV 99.4 MPH)
Bottom of the 6th over - 0 runs, 0 hits, 0 errors, 0 left on base; Everett 1 - Eugene 0
TOP OF THE 7TH
Everett AquaSox batting - Pitching for Eugene Emeralds : RHP Bryan Jessee
Batting: RHB Roberto Perez 0-0: Called Strike
0-1: Ball
1-1: Foul Ball, location: 2F
1-2: Ball
2-2: Ground out 6-3 (Groundball, 6MS, EV 85.0 MPH)
Batting: RHB Mike Westfall 0-0: Called Strike
0-1: Ground out 4-3 (Groundball, 4M, EV 111.9 MPH)
Batting: RHB John Scipioni 0-0: Ball
1-0: Foul Ball, location: 2F
1-1: Foul Ball, location: 2F
1-2: Strikes out swinging
Top of the 7th over - 0 runs, 0 hits, 0 errors, 0 left on base; Everett 1 - Eugene 0
BOTTOM OF THE 7TH
Eugene Emeralds batting - Pitching for Everett AquaSox : RHP Cameron Rodriguez
Now at 2B: Nick Carson
Now at 3B: Jose Carion
Now at SS: Dave Hodge
Now in CF: Matt Schmitt
Batting: SHB Adam Walton 0-0: Swinging Strike
0-1: Called Strike
0-2: Ball
1-2: Ball
2-2: Ball
3-2: Foul Ball, location: 2F
3-2: Base on Balls
Pinch Hitting: LHB Francisco Molina 0-0: Foul Ball, location: 2F
0-1: Called Strike
0-2: Strikes out looking
Batting: RHB Ramiro Martinez 0-0: Called Strike
0-1: Ball
1-1: Foul Ball, location: 2F
1-2: SINGLE (Groundball, 13, EV 83.1 MPH) (infield hit)
Adam Walton to second
Pinch Hitting: LHB Jon Bourgeois 0-0: Ball
1-0: Ball
2-0: Ball
3-0: Called Strike
3-1: Swinging Strike
3-2: Base on Balls
Adam Walton to third
Ramiro Martinez to second
Batting: RHB Marco Ramos 0-0: Called Strike
0-1: Foul Ball, location: 2F
0-2: Ball
1-2: Ball
2-2: Strikes out swinging
Batting: RHB Victor Barrios 0-0: Called Strike
0-1: Foul Ball, location: 2F
0-2: Ball
1-2: Fielders Choice at 2nd, U6 (Groundball, 6M, EV 91.9 MPH)
Bottom of the 7th over - 0 runs, 1 hit, 0 errors, 3 left on base; Everett 1 - Eugene 0
TOP OF THE 8TH
Everett AquaSox batting - Pitching for Eugene Emeralds : RHP Bryan Jessee
Pitching: RHP Leo Maldonado
Now at 3B: Francisco Molina
Now at SS: Brett Cardwell
Batting: SHB Benito Godinez 0-0: Ball
1-0: Ball
2-0: Foul Ball, location: 2F
2-1: Swinging Strike
2-2: SINGLE (Groundball, 4MD, EV 98.8 MPH)
Batting: RHB Jay Waugh 0-0: Sac Bunt to 15 - play at first, batter OUT! 1-3
Benito Godinez to second
Batting: RHB Dave Hodge 0-0: Ball
1-0: Called Strike
1-1: Ball
2-1: Ground out 6-3 (Groundball, 6, EV 98.1 MPH)
Batting: LHB Jeff Brock 0-0: Ball
1-0: SINGLE (Groundball, P, EV 85.6 MPH) (infield hit)
Benito Godinez to third
Batting: LHB Cruz Arellano 0-0: Called Strike
0-1: Ball
1-1: Ball
2-1: Foul Ball, location: 2F
2-2: Foul Ball, location: 2F
2-2: Foul Ball, location: 2F
2-2: Ball
3-2: Strikes out swinging
Top of the 8th over - 0 runs, 2 hits, 0 errors, 2 left on base; Everett 1 - Eugene 0
BOTTOM OF THE 8TH
Eugene Emeralds batting - Pitching for Everett AquaSox : RHP Cameron Rodriguez
Pinch Hitting: LHB Tyler Devine 0-0: Called Strike
0-1: Called Strike
0-2: Ball
1-2: Ball
2-2: Ball
3-2: Foul Ball, location: 2F
3-2: Foul Ball, location: 2F
3-2: Foul Ball, location: 2F
3-2: Foul Ball, location: 2F
3-2: Ground out 6-3 (Groundball, 6, EV 84.4 MPH)
Now at SS: Luis Melchor
Batting: RHB Bill Weisbrod 0-0: Ball
1-0: Called Strike
1-1: Fly out, F6 (Popup, 6MD, EV 71.9 MPH)
Batting: RHB Julius Warlick 0-0: Swinging Strike
0-1: Ball
1-1: SINGLE (Groundball, 56D, EV 100.6 MPH)
Batting: SHB Adam Walton 0-0: Ball
1-0: Ball
2-0: Ball
3-0: Swinging Strike
3-1: Called Strike
3-2: DOUBLE (Line Drive, 9LM, EV 93.1 MPH)
Julius Warlick to third
Julius Warlick scores
Pitching: LHP Garrett Griffin
Pinch Hitting: RHB Juan Cortes 0-0: Called Strike
0-1: Ball
1-1: Ball
2-1: Called Strike
2-2: Fly out, F7 (Flyball, 7S, EV 88.1 MPH)
Bottom of the 8th over - 1 run, 2 hits, 0 errors, 1 left on base; Everett 1 - Eugene 1
TOP OF THE 9TH
Everett AquaSox batting - Pitching for Eugene Emeralds : RHP Leo Maldonado
Now at 3B: Bobby Stanton
Now in LF: Tyler Devine
Pinch Hitting: SHB Charlie Robbins 0-0: Called Strike
0-1: Ground out U3 (Groundball, 3L, EV 110.6 MPH)
Batting: SHB Jose Carion 0-0: Fly out, F8 (Line Drive, 8LM, EV 91.2 MPH)
Pinch Hitting: LHB Billy Nash 0-0: Ball
1-0: Foul Ball, location: 2F
1-1: Ball
2-1: SINGLE (Flyball, 3D, EV 90.6 MPH)
Pinch Hitting: LHB Danny Carrillo Pickoff Play to 1st, Runner tries for 2nd, OUT after rundown.
Top of the 9th over - 0 runs, 1 hit, 0 errors, 0 left on base; Everett 1 - Eugene 1
BOTTOM OF THE 9TH
Eugene Emeralds batting - Pitching for Everett AquaSox : LHP Garrett Griffin
Pitching: LHP Danny Morales
Now at 1B: Sean Stratton
Now at 2B: Charlie Robbins
Now in CF: Bob Yarbrough
Batting: RHB Ramiro Martinez 0-0: Called Strike
0-1: Called Strike
0-2: Foul Ball, location: 2F
0-2: Ball
1-2: Ball
2-2: Ball
3-2: Base on Balls
Batting: RHB Brett Cardwell 0-0: Bunt missed!
0-1: Sac Bunt to 23 - play at first, batter OUT! 3-4
Ramiro Martinez to second
Batting: RHB Marco Ramos 0-0: Called Strike
0-1: Foul Ball, location: 2F
0-2: Strikes out swinging
Batting: RHB Victor Barrios 0-0: Ball
1-0: Ball
2-0: Foul Ball, location: 2F
2-1: Ball
3-1: Foul Ball, location: 2F
3-2: Strikes out swinging
Bottom of the 9th over - 0 runs, 0 hits, 0 errors, 1 left on base; Everett 1 - Eugene 1
TOP OF THE 10TH
Everett AquaSox batting - Pitching for Eugene Emeralds : RHP Leo Maldonado
Batting: RHB Sean Stratton 0-0: Ball
1-0: Ball
2-0: Ball
3-0: Called Strike
3-1: Called Strike
3-2: Ground out 4-3 (Groundball, 4, EV 86.2 MPH)
Batting: SHB Benito Godinez 0-0: Ball
1-0: Foul Ball, location: 2F
1-1: Ball
2-1: Foul Ball, location: 2F
2-2: Ball
3-2: SINGLE (Groundball, 34D, EV 108.1 MPH)
Pinch Hitting: RHB Diego Hysquierdo 0-0: Ball
1-0: Ball
2-0: Fielders Choice at 2nd, 4-6 (Groundball, 34, EV 81.2 MPH)
Pinch Hitting: RHB Ken Bacon 0-0: Ball
1-0: Called Strike
1-1: Called Strike
1-2: Fly out, F4 (Popup, 4MD, EV 47.5 MPH)
Top of the 10th over - 0 runs, 1 hit, 0 errors, 1 left on base; Everett 1 - Eugene 1
BOTTOM OF THE 10TH
Eugene Emeralds batting - Pitching for Everett AquaSox : LHP Danny Morales
Now at C: Mike Fry
Now at SS: Fernando Mosquera
Batting: LHB Tyler Devine 0-0: Called Strike
0-1: Ball
1-1: Called Strike
1-2: Strikes out swinging
Batting: RHB Bill Weisbrod 0-0: DOUBLE (Line Drive, 89M, EV 103.1 MPH)
Batting: RHB Julius Warlick 0-0: Ball
1-0: Foul Ball, location: 2F
1-1: Ball
Wild Pitch!
Bill Weisbrod to third
2-1: Ball
3-1: Base on Balls
Batting: SHB Adam Walton 0-0: Ball
1-0: Ball
2-0: Reached via error on a dropped throw from SS, E2 (Groundball, 6S, EV 76.2 MPH)
Bill Weisbrod scores
Bottom of the 10th over - 1 run, 1 hit, 1 error, 1 left on base; Everett 1 - Eugene 2
Saturday, July 30th , 2022 - OOTP Baseball 23.5 Build 73